 Dungeon Crawl Stone Soup version 0.28.0-53-g5a82cb258f (webtiles) character file.

Game seed: 11371812260035454501

28321 MisterFreud the Covert (level 13, -1/104 HPs)
             Began as a Gnoll Delver on June 9, 2022.
             Was a High Priest of Fedhas.
             Drowned by a drowned soul (14 damage)
             ... summoned by a merfolk avatar
             ... on level 6 of the Lair of Beasts.
             The game lasted 00:24:35 (18840 turns).

MisterFreud the Covert (Gnoll Delver)              Turns: 18840, Time: 00:24:37

Health: -1/104     AC: 11    Str: 11    XL:     13   Next: 38%
Magic:  25/25      EV: 15    Int: 15    God:    Fedhas [*****.]
Gold:   798        SH:  6    Dex: 14    Spells: 28/28 levels left

rFire   . . .      SeeInvis .   v - +8 quick blade (elec)
rCold   . . .      Faith    .   B - +0 buckler
rNeg    . . .      Spirit   .   b - +0 leather armour
rPois   +          Reflect  .   s - +1 helmet
rElec   .          Harm     .   (no cloak)
rCorr   .          Rampage  .   (no gloves)
Will    .....                   C - +0 pair of boots
Stlth   +++.......              (no amulet)
HPRegen 0.27/turn               d - ring of poison resistance
MPRegen 0.19/turn               u - +4 ring of protection

@: mesmerised, very slow
A: fangs 1, strong nose, distributed training
a: Renounce Religion, Wall of Briars, Grow Ballistomycete, Overgrow, Grow Oklob


You were on level 6 of the Lair of Beasts.
You worshipped Fedhas.
Fedhas was extremely pleased with you.
You visited 2 branches of the dungeon, and saw 16 of its levels.
You also visited: Ossuary.

You collected 828 gold pieces.
You spent 30 gold pieces at shops.

Inventory:

Hand Weapons
 a - a +1 short sword
 v - a +8 quick blade of electrocution (weapon)
 L - a +4 morningstar
Missiles
 x - 12 javelins
 z - 2 poisoned darts (quivered)
 A - 2 atropa-tipped darts
 F - 7 boomerangs
Armour
 b - a +0 leather armour (worn)
 s - a +1 helmet (worn)
 B - a +0 buckler (worn)
 C - a +0 pair of boots (worn)
Jewellery
 d - a ring of poison resistance (left hand)
 u - a +4 ring of protection (right hand)
 G - an amulet of faith
 N - a ring of fire
 Q - a +4 ring of protection
Wands
 l - a wand of flame (21)
 o - a wand of iceblast (9)
 D - a wand of paralysis (2)
 P - a wand of acid (2)
Scrolls
 c - 2 scrolls of fog
 e - 3 scrolls of fear
 h - 7 scrolls of summoning
 p - 4 scrolls of silence
 w - 4 scrolls of magic mapping
 y - 2 scrolls of brand weapon
 J - 3 scrolls of teleportation
 K - a scroll of blinking
 O - a scroll of enchant armour
Potions
 f - a potion of haste
 i - 6 potions of mutation
 j - 3 potions of degeneration
 k - 5 potions of lignification
 m - 2 potions of heal wounds
 n - 4 potions of magic
 q - 8 potions of curing
 t - a potion of brilliance {unknown}
 E - a potion of attraction
 H - a potion of flight
 I - a potion of invisibility {unknown}
 M - a potion of might


   Skills:
 + Level 10.5 Fighting
 + Level 9.5 Short Blades
 + Level 8.2 Long Blades
 + Level 8.2 Axes
 + Level 8.2 Maces & Flails
 + Level 8.2 Polearms
 + Level 8.2 Staves
 + Level 8.2 Slings
 + Level 8.2 Bows
 + Level 8.2 Crossbows
 + Level 8.2 Throwing
 + Level 8.2 Armour
 + Level 9.5 Dodging
 + Level 12.5 Stealth
 + Level 8.2 Shields
 + Level 8.2 Unarmed Combat
 + Level 8.2 Spellcasting
 + Level 6.8 Conjurations
 + Level 6.8 Hexes
 + Level 6.8 Summonings
 + Level 6.8 Necromancy
 + Level 6.8 Translocations
 + Level 6.8 Transmutations
 + Level 6.8 Fire Magic
 + Level 6.8 Ice Magic
 + Level 6.8 Air Magic
 + Level 6.8 Earth Magic
 + Level 6.8 Poison Magic
 + Level 9.0 Invocations
 + Level 8.2 Evocations


You had 28 spell levels left.
You didn't know any spells.
Your spell library contained the following spells:

 Spells                   Type           Power      Damage    Failure   Level
 Animate Skeleton         Necr           52%        N/A       1%          1
 Apportation              Tloc           52%        N/A       1%          1
 Foxfire                  Conj/Fire      100%       2x1d9     1%          1
 Freeze                   Ice            100%       1d11      1%          1
 Pain                     Necr           100%       1d9       1%          1
 Summon Small Mammal      Summ           100%       N/A       1%          1
 Ensorcelled Hibernation  Hex/Ice        52%        N/A       1%          2
 Sublimation of Blood     Necr           26%        N/A       1%          2
 Wereblood                Tmut           26%        N/A       1%          2
 Call Canine Familiar     Summ           26%        N/A       3%          3
 Conjure Flame            Conj/Fire      26%        6-21      3%          3
 Frozen Ramparts          Ice            52%        1d7       3%          3
 Ignite Poison            Fire/Tmut/Pois 26%        N/A       3%          3
 Inner Flame              Hex/Fire       26%        N/A       3%          3
 Portal Projectile        Hex/Tloc       52%        N/A       3%          3
 Spider Form              Tmut/Pois      26%        N/A       3%          3
 Summon Guardian Golem    Hex/Summ       26%        N/A       3%          3
 Tukima's Dance           Hex            26%        N/A       3%          3
 Vampiric Draining        Necr           26%        2d7       3%          3
 Anguish                  Hex/Necr       13%        N/A       11%         4
 Flame Wave               Conj/Fire      26%        2d7       11%         4
 Hailstorm                Conj/Ice       26%        3d7       11%         4
 Sticky Flame             Conj/Fire      26%        2d5       11%         4
 Alistair's Intoxication  Tmut/Pois      17%        N/A       30%         5
 Blade Hands              Tmut           13%        N/A       30%         5
 Excruciating Wounds      Necr           13%        N/A       30%         5
 Enfeeble                 Hex            13%        N/A       100%        7
 Summon Hydra             Summ           13%        N/A       100%        7


Dungeon Overview and Level Annotations

Branches:
Dungeon (10/15)            Temple (0/1) D:6            Lair (6/6) D:8
 Shoals (0/4) Lair:2       Spider (0/4) Lair:2          Orc (0/2) D:9
Ossuary (visited)
  Slime: Lair:5-6

Altars:
Dithmenos
Fedhas
Hepliaklqana
Qazlal
Sif Muna

Shops:
D:1 !

Annotations:
D:3 2 transporters, diceflayer's ghost, weakling MiFi


Innate Abilities, Weirdness & Mutations

You have very sharp teeth.
Your uncanny sense of smell can sniff out nearby items.
Your experience applies equally to all skills.


Message History

The drowned soul returns to the deep!
The merfolk avatar chants its luring song.
The wind drake exhales a fierce blast of wind!
The drowned soul and the merfolk avatar are blown away by the wind.
The wind drake bites you but does no damage.
You break out of your daze!
The wind drake flaps its wings at you. The air twists around and strikes you!
* * * LOW HITPOINT WARNING * * *
The drowned soul touches you. The drowned soul drowns you!
* * * LOW HITPOINT WARNING * * *
You feel much better. You block the wind drake's attack.
The drowned soul touches you. The drowned soul drowns you!
* * * LOW HITPOINT WARNING * * *
As you read the scroll of fear, it crumbles to dust.
You assume a fearsome visage.
The drowned soul is unaffected.
The wind drake looks frightened!
The merfolk avatar chants a haunting song.
You resist.
There is a fountain of sparkling water here.
You enter the shallow water.
Moving in this stuff is going to be slow.
The shadowy forms in the deep grow still as others approach.
The merfolk avatar chants a haunting song.
You are mesmerised by the merfolk avatar!
You cannot move away from the merfolk avatar!
Unknown command.
You cannot move away from the merfolk avatar!
Unknown command.
Unknown command.
Unknown command.
Unknown command.
Unknown command.
As you read the scroll of fear, it crumbles to dust.
You assume a fearsome visage.
The drowned soul is unaffected. x3
The merfolk avatar easily resists.
The four-headed hydra looks frightened!
Shadowy forms rise from the deep at the merfolk avatar's song!
The drowned soul touches you. The drowned soul drowns you!
You die...
Fedhas appreciates your contribution to the ecosystem.

≈≈Y≈...≈..≈..≈.### ≈≈
#≈≈##≈≈##≈≈#≈≈..##
#≈≈##
#P≈≈≈≈≈÷##≈≈##...P#
≈≈≈≈≈
≈≈.P≈≈≈≈≈≈≈≈≈≈≈...###
≈≈≈#
≈≈#≈≈#≈≈≈##≈≈≈≈.....#
#≈≈#
≈.≈≈≈≈≈≈≈P#≈≈##≈..).#
≈≈.#
≈.≈.≈≈≈≈DP#≈≈##≈..<.#
≈.≈#
#≈#≈≈≈≈≈≈#≈≈†≈..####
≈≈≈#
###.≈≈####@≈≈≈.≈PP#
#≈≈#
≈≈≈≈.≈≈≈.⌠#≈≈##...#
#≈≈#
≈8.≈≈#8≈P≈#≈≈≈≈.).#
≈P≈# ≈#≈
##≈≈≈#.≈≈≈...# ≈≈≈#
#$!WWm≈≈≈#≈≈≈≈...#
D≈P#
≈≈!≈W(#≈≈≈#≈≈≈#..##
.≈≈#
≈#!≈≈)≈≈≈≈#≈≈≈#≈..
≈≈.# #(![?#.≈≈#≈≈≈≈
.. ≈≈≈# ##..≈#≈≈≈#


You could see a merfolk avatar (mesmerising), a four-headed hydra (fleeing) and
2 drowned souls.

Vanquished Creatures
  3 hydras
  A catoblepas (Lair:6)
  A two-headed ogre (D:8)
  A sea snake (Lair:6)
  A swamp dragon (Lair:4)
  Pikel (D:6)
  A manticore (Lair:6)
  Joseph (Lair:1)
  2 black mambas
  6 elephants
  A merfolk siren (Lair:2)
  13 cane toads
  8 komodo dragons
  A wind drake (Lair:6)
  A hornet (D:9)
  A polar bear (Lair:6)
  Prince Ribbit (D:6)
  A snapping turtle (Lair:5)
  10 blink frogs
  9 dream sheep
  11 yaks
  7 wyverns
  A wraith (D:9)
  Grum (Lair:1)
  3 vampire mosquitoes (Lair:3)
  3 redbacks (Lair:2)
  2 basilisks
  8 water moccasins
  2 necrophages
  8 sky beasts
  An ogre (D:5)
  6 orc warriors (D:9)
  A swamp drake (Lair:4)
  5 wolves
  2 centaurs (D:8)
  3 lemures (D:6)
  3 phantoms
  13 bullfrogs
  3 gnoll sergeants
  9 wights
  A howler monkey (D:8)
  3 electric eels
  2 bullfrog zombies
  A hound (D:6)
  4 centaur zombies
  A jelly (D:6)
  2 orc priests (D:9)
  A gnoll shaman (D:7)
  3 human zombies (Ossuary)
  A bullfrog skeleton (D:5)
  2 iguanas
  4 orc wizards (D:9)
  A hound skeleton (D:4)
  A mummy (Ossuary)
  A howler monkey zombie (D:9)
  23 gnolls
  A howler monkey skeleton (D:6)
  3 adders
  2 white imps
  An ufetubus (D:6)
  3 worms
  A dart slug (D:1)
  13 orcs (D:9)
  8 endoplasms
  2 giant cockroaches
  5 goblins
  4 hobgoblins
  4 kobolds
  2 quokkas
  A ball python (D:2)
  2 bats
  4 frilled lizards
  11 hobgoblin zombies (Ossuary)
  3 jackal zombies (Ossuary)
  10 kobold zombies (Ossuary)
  6 orc zombies (Ossuary)
  7 rats
  2 rat zombies (Ossuary)
302 creatures vanquished.

Vanquished Creatures (collateral kills)
  An elf zombie (Ossuary)
  A mummy (Ossuary)
2 creatures vanquished.

Vanquished Creatures (others)
  A bush (Lair:6)
  43 fungi
  83 plants
127 creatures vanquished.

Grand Total: 431 creatures vanquished

Notes
Turn   | Place    | Note
-------+----------+-------------------------------------------
     0 | D:5      | Reached skill level 9 in Stealth
     0 | D:5      | MisterFreud the Gnoll Delver began the quest for the Orb.
     0 | D:5      | Reached XP level 1. HP: 23/23 MP: 1/1
     7 | D:6      | Noticed a hound
    13 | D:6      | Killed a hound
    14 | D:6      | Reached XP level 2. HP: 29/29 MP: 1/3
    14 | D:6      | Reached XP level 3. HP: 35/35 MP: 1/4
    18 | D:5      | Noticed a sky beast
    29 | D:5      | Noticed a sky beast
    47 | D:4      | Reached skill level 1 in Invocations
   111 | D:4      | Found a sand-covered staircase.
   119 | Ossuary  | Entered an ossuary
   261 | Ossuary  | Reached skill level 1 in Long Blades
   261 | Ossuary  | Reached skill level 1 in Axes
   261 | Ossuary  | Reached skill level 1 in Maces & Flails
   261 | Ossuary  | Reached skill level 1 in Polearms
   261 | Ossuary  | Reached skill level 1 in Staves
   261 | Ossuary  | Reached skill level 1 in Slings
   261 | Ossuary  | Reached skill level 1 in Bows
   261 | Ossuary  | Reached skill level 1 in Crossbows
   261 | Ossuary  | Reached skill level 1 in Throwing
   261 | Ossuary  | Reached skill level 1 in Armour
   261 | Ossuary  | Reached skill level 1 in Shields
   261 | Ossuary  | Reached skill level 1 in Unarmed Combat
   261 | Ossuary  | Reached skill level 1 in Spellcasting
   261 | Ossuary  | Reached skill level 1 in Evocations
   642 | Ossuary  | Reached XP level 4. HP: 41/41 MP: 5/5
   676 | Ossuary  | Reached skill level 1 in Conjurations
   676 | Ossuary  | Reached skill level 1 in Hexes
   676 | Ossuary  | Reached skill level 1 in Summonings
   676 | Ossuary  | Reached skill level 1 in Necromancy
   676 | Ossuary  | Reached skill level 1 in Translocations
   676 | Ossuary  | Reached skill level 1 in Transmutations
   676 | Ossuary  | Reached skill level 1 in Fire Magic
   676 | Ossuary  | Reached skill level 1 in Ice Magic
   676 | Ossuary  | Reached skill level 1 in Air Magic
   676 | Ossuary  | Reached skill level 1 in Earth Magic
   676 | Ossuary  | Reached skill level 1 in Poison Magic
   676 | Ossuary  | Reached XP level 5. HP: 26/47 MP: 6/6
  1256 | Ossuary  | Reached XP level 6. HP: 24/53 MP: 8/8
  1906 | D:3      | Reached skill level 5 in Short Blades
  1906 | D:3      | Reached skill level 5 in Dodging
  2486 | D:1      | Found Ankathre's Distillery.
  2496 | D:1      | Bought a potion of curing for 30 gold pieces
  3300 | D:2      | Found a faded altar of an unknown god.
  3344 | D:2      | Prayed at the altar of an unknown god.
  3344 | D:2      | Became a worshipper of Fedhas Madash
  3344 | D:2      | Reached * piety under Fedhas
  3574 | D:3      | Found a transporter.
  3603 | D:3      | Found a transporter.
  3608 | D:3      | Noticed diceflayer's ghost (weakling MiFi)
  4455 | D:4      | Found a stormy altar of Qazlal.
  4486 | D:4      | Found a shimmering blue altar of Sif Muna.
  4637 | D:5      | Killed a sky beast
  4638 | D:5      | Reached XP level 7. HP: 60/60 MP: 10/10
  4982 | D:5      | Reached skill level 10 in Stealth
  5448 | D:5      | Reached XP level 8. HP: 67/67 MP: 12/12
  5593 | D:5      | Found a shadowy altar of Dithmenos.
  6443 | D:6      | Found a staircase to the Ecumenical Temple.
  6460 | D:6      | Identified a scroll of acquirement
  6460 | D:6      | Acquired a +6 quick blade
  6804 | D:6      | Reached XP level 9. HP: 46/72 MP: 14/14
  6922 | D:7      | Noticed Pikel
  6986 | D:7      | Noticed Prince Ribbit
  7028 | D:6      | Killed Pikel
  7172 | D:6      | Reached ** piety under Fedhas
  7370 | D:6      | Killed Prince Ribbit
  7423 | D:7      | Reached skill level 5 in Invocations
  7859 | D:7      | Found a blossoming altar of Fedhas.
  8306 | D:8      | Reached XP level 10. HP: 61/80 MP: 17/17
  8714 | D:8      | Found a hazy altar of Hepliaklqana.
  8808 | D:8      | Reached skill level 5 in Long Blades
  8808 | D:8      | Reached skill level 5 in Axes
  8808 | D:8      | Reached skill level 5 in Maces & Flails
  8808 | D:8      | Reached skill level 5 in Polearms
  8808 | D:8      | Reached skill level 5 in Staves
  8808 | D:8      | Reached skill level 5 in Slings
  8808 | D:8      | Reached skill level 5 in Bows
  8808 | D:8      | Reached skill level 5 in Crossbows
  8808 | D:8      | Reached skill level 5 in Throwing
  8808 | D:8      | Reached skill level 5 in Armour
  8808 | D:8      | Reached skill level 5 in Shields
  8808 | D:8      | Reached skill level 5 in Unarmed Combat
  8808 | D:8      | Reached skill level 5 in Spellcasting
  8808 | D:8      | Reached skill level 5 in Evocations
  8886 | D:8      | Found a staircase to the Lair.
  8923 | D:8      | Reached *** piety under Fedhas
  9335 | D:9      | Noticed a two-headed ogre
  9393 | D:8      | Killed a two-headed ogre
  9394 | D:8      | Reached skill level 11 in Stealth
  9797 | D:9      | Noticed an eight-headed hydra
  9874 | D:9      | Killed an eight-headed hydra
 10335 | D:9      | Reached XP level 11. HP: 84/87 MP: 19/19
 10340 | D:9      | Reached **** piety under Fedhas
 10349 | D:9      | Found a staircase to the Orcish Mines.
 10788 | D:10     | Entered Level 10 of the Dungeon
 10906 | Lair:1   | Entered Level 1 of the Lair of Beasts
 11255 | Lair:1   | Reached skill level 5 in Conjurations
 11255 | Lair:1   | Reached skill level 5 in Hexes
 11255 | Lair:1   | Reached skill level 5 in Summonings
 11255 | Lair:1   | Reached skill level 5 in Necromancy
 11255 | Lair:1   | Reached skill level 5 in Translocations
 11255 | Lair:1   | Reached skill level 5 in Transmutations
 11255 | Lair:1   | Reached skill level 5 in Fire Magic
 11255 | Lair:1   | Reached skill level 5 in Ice Magic
 11255 | Lair:1   | Reached skill level 5 in Air Magic
 11255 | Lair:1   | Reached skill level 5 in Earth Magic
 11255 | Lair:1   | Reached skill level 5 in Poison Magic
 11714 | Lair:1   | Noticed an eight-headed hydra
 11729 | Lair:1   | Killed an eight-headed hydra
 11991 | Lair:1   | Noticed Grum
 12019 | Lair:1   | Killed Grum
 12228 | Lair:1   | Noticed Joseph
 12232 | Lair:1   | Killed Joseph
 12826 | Lair:2   | Found a staircase to the Shoals.
 13068 | Lair:2   | Found a hole to the Spider Nest.
 13628 | Lair:2   | Reached XP level 12. HP: 65/96 MP: 22/22
 14068 | Lair:3   | Reached ***** piety under Fedhas
 14239 | Lair:3   | You fall into a shaft and drop 2 floors!
 14548 | Lair:5   | Noticed a six-headed hydra
 14566 | Lair:5   | Killed a six-headed hydra
 14904 | Lair:4   | Reached skill level 12 in Stealth
 15128 | Lair:4   | Reached skill level 10 in Fighting
 16699 | Lair:4   | Reached XP level 13. HP: 69/103 MP: 24/24
 17346 | Lair:6   | Entered Level 6 of the Lair of Beasts
 18032 | Lair:6   | HP: 2/104 [yak (13)]
 18826 | Lair:6   | Found the +7 captain's cutlass {speed, disarm}
 18840 | Lair:6   | Drowned by a drowned soul

Illustrated notes

Levels and vault maps discovered:
D:1:      sevenhm_arrival_forest_fort_large_2, layout_basic, serial_shops, shop
D:2:      layout_basic, basic_ecumenical_altar, serial_bayou_crossing
D:3:      layout_loops_ring, gammafunk_ghost_stat_death
D:4:      layout_basic, mainiacjoe_overflow_two_lobes,
          chequers_ossuary_entry_cave
D:5:      layout_loops_ring, kennysheep_mini
D:6:      layout_rooms, minmay_temple_entry_sparse_star
D:7:      layout_rooms, lemuel_crystal_altar, st_stairs_13, minivault_27,
          uniq_pikel, uniq_prince_ribbit1
D:8:      layout_basic, mainiacjoe_overflow_alcove_2, david_lair_shrubbed
D:9:      layout_basic, erik_orc_2
D:10:     layout_irregular_city, gammafunk_temple_overflow_forgotten,
          hangedman_corner_corridor, uniq_erica
Lair:1:   layout_small_grid, gauntlet_entry_generic, uniq_grum, uniq_joseph
Lair:2:   layout_small_grid, minmay_shoals_entry_lonely_mermaid,
          spider_nest_entry_webs, lemuel_fruit_tree
Lair:3:   layout_loops_ring, beast_lair_carwin_2
Lair:4:   layout_regular_city, pond, serial_bayou_shore_a,
          infiniplex_staircase_pool
Lair:5:   layout_roguey, grunt_megastairs_3
Lair:6:   gammafunk_lair_ancient_temple, layout_misc_corridors, slime_altar_1

Skill      XL: |  1  2  3  4  5  6  7  8  9 10 11 12 13 |
---------------+----------------------------------------+-----
Stealth        | 10 11 12 | 12.5
Invocations    | 1 2 3 4 5 6 7 8 9 |  9.0
Long Blades    | 1 2 3 4 5 6 7 8 |  8.2
Axes           | 1 2 3 4 5 6 7 8 |  8.2
Maces & Flails | 1 2 3 4 5 6 7 8 |  8.2
Polearms       | 1 2 3 4 5 6 7 8 |  8.2
Staves         | 1 2 3 4 5 6 7 8 |  8.2
Slings         | 1 2 3 4 5 6 7 8 |  8.2
Bows           | 1 2 3 4 5 6 7 8 |  8.2
Crossbows      | 1 2 3 4 5 6 7 8 |  8.2
Throwing       | 1 2 3 4 5 6 7 8 |  8.2
Armour         | 1 2 3 4 5 6 7 8 |  8.2
Shields        | 1 2 3 4 5 6 7 8 |  8.2
Unarmed Combat | 1 2 3 4 5 6 7 8 |  8.2
Spellcasting   | 1 2 3 4 5 6 7 8 |  8.2
Evocations     | 1 2 3 4 5 6 7 8 |  8.2
Conjurations   | 1 2 3 4 5 6 |  6.8
Hexes          | 1 2 3 4 5 6 |  6.8
Summonings     | 1 2 3 4 5 6 |  6.8
Necromancy     | 1 2 3 4 5 6 |  6.8
Translocations | 1 2 3 4 5 6 |  6.8
Transmutations | 1 2 3 4 5 6 |  6.8
Fire Magic     | 1 2 3 4 5 6 |  6.8
Ice Magic      | 1 2 3 4 5 6 |  6.8
Air Magic      | 1 2 3 4 5 6 |  6.8
Earth Magic    | 1 2 3 4 5 6 |  6.8
Poison Magic   | 1 2 3 4 5 6 |  6.8
Short Blades   | 5 6 7 8 9 |  9.5
Dodging        | 5 6 7 8 9 |  9.5
Fighting       | 7 8 9 10 | 10.5

Action                   |  1- 3 |  4- 6 |  7- 9 | 10-12 | 13-15 || total
-------------------------+-------+-------+-------+-------+-------++-------
Melee: Short sword       |   105 |   228 |   153 |       |       ||   486
       Bite              |    11 |    38 |    63 |    82 |    44 ||   238
       Punch             |     3 |     2 |     4 |       |       ||     9
       Quick blade       |       |       |   255 |   668 |   186 ||  1109
Throw: Dart              |       |       |       |       |     5 ||     5
Evoke: Wand              |       |       |     2 |     5 |     2 ||     9
  Use: Scroll            |     1 |     1 |    11 |    11 |     3 ||    27
       Potion            |       |       |       |     1 |     3 ||     4
 Stab: Sleeping          |     7 |    26 |     8 |    20 |     2 ||    63
       Distracted        |       |       |       |     1 |     1 ||     2
Armor: Leather armour    |    20 |    39 |    94 |    75 |    26 ||   254
Dodge: Dodged            |    66 |   105 |   168 |   204 |    47 ||   590
Block: Buckler           |       |       |    18 |    95 |    28 ||   141
